PUB
ORLANDO ORACLES @ KINUSO BLUES
08/06/1972
 
TOP OF THE 1ST
Orlando Oracles batting - Pitching for Kinuso Blues : RHP Barry Bennett
Pitching: RHP Barry Bennett
Batting: RHB Cesar Cedeno 0-0: Called Strike
0-1: Foul Ball, location: 7LDF
0-2: Ball
1-2: SINGLE (Line Drive, 89M, EV 103.8 MPH)
Batting: RHB Bob Robertson 0-0: Called Strike
0-1: Fly out, F8 (Flyball, 78M, EV 93.1 MPH)
Batting: RHB Miguel Chávez 0-0: Ball
1-0: Ball
2-0: Swinging Strike
2-1: Swinging Strike
2-2: Foul Ball, location: 3F
2-2: Foul Ball, location: 2F
2-2: Ball
Cesar Cedeno is caught stealing 2nd base 2-4
3-2: Base on Balls
Batting: LHB Ron Gamble 0-0: Called Strike
0-1: Called Strike
Miguel Chávez is caught stealing 2nd base 2-6
Top of the 1st over - 0 runs, 1 hit, 0 errors, 0 left on base; Orlando 0 - Kinuso 0
BOTTOM OF THE 1ST
Kinuso Blues batting - Pitching for Orlando Oracles : RHP Nelson Britt
Pitching: RHP Nelson Britt
Batting: LHB Ricardo Vivo 0-0: Ball
1-0: Foul Ball, location: 9LDF
1-1: Ball
2-1: Swinging Strike
2-2: Strikes out swinging, 2-3 out at first.
Batting: RHB Jeremy Kennedy 0-0: Foul Ball, location: 9LSF
0-1: Called Strike
0-2: Ball
1-2: Ball
2-2: Foul Ball, location: 7LMF
2-2: Ball
3-2: Ground out U3 (Groundball, 3S, EV 84.4 MPH)
Batting: LHB John Heller 0-0: Ball
1-0: Ball
2-0: Ball
3-0: Called Strike
3-1: Foul Ball, location: 2F
3-2: Base on Balls
Batting: SHB Ken Henderson 0-0: Ball
1-0: Ball
2-0: SINGLE (Line Drive, 89S, EV 90.0 MPH)
John Heller to second
Runner from 2nd tries for 3rd, SAFE, throw by RF made to third
Batting: RHB Manabu Azuma 0-0: Called Strike
0-1: Called Strike
0-2: SINGLE (Groundball, 34D, EV 105.0 MPH)
John Heller scores
Ken Henderson to second
Runner from 2nd tries for 3rd, SAFE, throw by RF made to third
Manabu Azuma to second
Batting: RHB César Muñóz 0-0: Swinging Strike
0-1: Ball
1-1: SINGLE (Line Drive, 8RS, EV 95.0 MPH)
Ken Henderson scores
Manabu Azuma to third
Runner from 3rd tries for Home, SAFE, throw by CF to home
Batting: RHB Dave Duncan 0-0: Called Strike
0-1: Ball
1-1: Ball
2-1: Ball
3-1: Swinging Strike
3-2: Strikes out swinging
Bottom of the 1st over - 3 runs, 3 hits, 0 errors, 1 left on base; Orlando 0 - Kinuso 3
TOP OF THE 2ND
Orlando Oracles batting - Pitching for Kinuso Blues : RHP Barry Bennett
Batting: LHB Ron Gamble 0-0: Ball
1-0: Ball
2-0: Called Strike
2-1: Ground out 5-3 (Groundball, 5, EV 85.0 MPH)
Batting: RHB Edward Wilson 0-0: Ball
1-0: Foul Ball, location: 7LMFF
1-1: Ball
2-1: Ground out 5-3 (Groundball, 5L, EV 104.4 MPH)
Batting: RHB Bill Freehan 0-0: Called Strike
0-1: Foul Ball, location: 2F
0-2: Ball
1-2: Ground out 6-3 (Groundball, P, EV 84.4 MPH)
Top of the 2nd over - 0 runs, 0 hits, 0 errors, 0 left on base; Orlando 0 - Kinuso 3
BOTTOM OF THE 2ND
Kinuso Blues batting - Pitching for Orlando Oracles : RHP Nelson Britt
Batting: RHB Steve Powell 0-0: Ball
1-0: Called Strike
1-1: Fly out, F7 (Line Drive, 7, EV 93.1 MPH)
Batting: RHB Barry Bennett 0-0: Swinging Strike
0-1: Ball
1-1: Called Strike
1-2: Strikes out looking
Batting: LHB Ricardo Vivo 0-0: Ball
1-0: Called Strike
1-1: Swinging Strike
1-2: Foul Ball, location: 2F
1-2: Foul Ball, location: 9LSF
1-2: Ball
2-2: SINGLE (Groundball, 56D, EV 94.4 MPH)
Batting: RHB Jeremy Kennedy 0-0: Ball
1-0: Called Strike
1-1: Called Strike
1-2: Strikes out swinging
Bottom of the 2nd over - 0 runs, 1 hit, 0 errors, 1 left on base; Orlando 0 - Kinuso 3
TOP OF THE 3RD
Orlando Oracles batting - Pitching for Kinuso Blues : RHP Barry Bennett
Batting: LHB Ken'ichi Taketo 0-0: Ball
1-0: Foul Ball, location: 5SF
1-1: Ball
2-1: Ground out 6-3 (Groundball, 6, EV 81.3 MPH)
Batting: RHB Dan Brown 0-0: Fly out, F9 (Flyball, 89M, EV 96.9 MPH)
Batting: SHB Nelson Britt 0-0: Ball
1-0: DOUBLE (Line Drive, 7LM, EV 100.0 MPH)
Batting: RHB Cesar Cedeno 0-0: Called Strike
0-1: Ball
1-1: Foul Ball, location: 25F
1-2: Foul Ball, location: 2F
1-2: Foul Ball, location: 3F
1-2: Foul Ball, location: 9LMF
1-2: Ball
2-2: Strikes out swinging
Top of the 3rd over - 0 runs, 1 hit, 0 errors, 1 left on base; Orlando 0 - Kinuso 3
BOTTOM OF THE 3RD
Kinuso Blues batting - Pitching for Orlando Oracles : RHP Nelson Britt
Batting: LHB John Heller 0-0: Foul Ball, location: 5FF
0-1: Ball
1-1: Foul Ball, location: 2F
1-2: Strikes out swinging
Batting: SHB Ken Henderson 0-0: Called Strike
0-1: SINGLE (Line Drive, 7S, EV 107.5 MPH)
Batting: RHB Manabu Azuma 0-0: Swinging Strike
0-1: Foul Ball, location: 3DF
0-2: Ball
1-2: Foul Ball, location: 3SF
1-2: 2-RUN HOME RUN (Flyball, 7D, EV 95.6 MPH), Distance : 377 ft
Batting: RHB César Muñóz 0-0: SINGLE (Flyball, 8LS, EV 90.6 MPH)
Batting: RHB Dave Duncan 0-0: Called Strike
César Muñóz steals 2nd base
0-1: Called Strike
0-2: Ground out 6-3 (Groundball, 6, EV 106.9 MPH)
César Muñóz to third
Batting: RHB Steve Powell 0-0: Ball
1-0: SINGLE (Line Drive, 78S, EV 88.8 MPH)
César Muñóz scores
Batting: RHB Barry Bennett 0-0: Foul Ball, location: 9LMF
0-1: Called Strike
0-2: Ball
1-2: Strikes out swinging
Bottom of the 3rd over - 3 runs, 4 hits, 0 errors, 1 left on base; Orlando 0 - Kinuso 6
TOP OF THE 4TH
Orlando Oracles batting - Pitching for Kinuso Blues : RHP Barry Bennett
Batting: RHB Bob Robertson 0-0: Called Strike
0-1: Foul Ball, location: 25F
0-2: Ground out 6-3 (Groundball, 6, EV 86.9 MPH)
Batting: RHB Miguel Chávez 0-0: Ball
1-0: Ball
2-0: Ball
3-0: Called Strike
3-1: Swinging Strike
3-2: Fly out, F9 (Flyball, 9LSF, EV 80.6 MPH)
Batting: LHB Ron Gamble 0-0: Ball
1-0: DOUBLE (Line Drive, 89D, EV 88.8 MPH)
Batting: RHB Edward Wilson 0-0: Called Strike
0-1: Fly out, F3 (Popup, 3D, EV 60.6 MPH)
Top of the 4th over - 0 runs, 1 hit, 0 errors, 1 left on base; Orlando 0 - Kinuso 6
BOTTOM OF THE 4TH
Kinuso Blues batting - Pitching for Orlando Oracles : RHP Nelson Britt
Batting: LHB Ricardo Vivo 0-0: Ball
1-0: Called Strike
1-1: Ball
2-1: SINGLE (Line Drive, 4MD, EV 98.1 MPH)
Pitching: RHP Flynn Reeves
Batting: RHB Jeremy Kennedy 0-0: Swinging Strike
0-1: Ball
1-1: Ball
2-1: Foul Ball, location: 9LDF
2-2: Strikes out swinging
Batting: LHB John Heller 0-0: Grounds into double play, 6-4-3 (Groundball, 56, EV 83.1 MPH)
Bottom of the 4th over - 0 runs, 1 hit, 0 errors, 0 left on base; Orlando 0 - Kinuso 6
TOP OF THE 5TH
Orlando Oracles batting - Pitching for Kinuso Blues : RHP Barry Bennett
Batting: RHB Bill Freehan 0-0: Ball
1-0: Ground out 4-3 (Groundball, 4S, EV 85.6 MPH)
Batting: LHB Ken'ichi Taketo 0-0: Ball
1-0: Foul Ball, location: 5SF
1-1: Ball
2-1: Swinging Strike
2-2: Strikes out swinging
Batting: RHB Dan Brown 0-0: Called Strike
0-1: Fly out, F5 (Line Drive, 5, EV 65.0 MPH)
Top of the 5th over - 0 runs, 0 hits, 0 errors, 0 left on base; Orlando 0 - Kinuso 6
BOTTOM OF THE 5TH
Kinuso Blues batting - Pitching for Orlando Oracles : RHP Flynn Reeves
Batting: SHB Ken Henderson 0-0: SINGLE (Groundball, 6MD, EV 95.6 MPH)
Batting: RHB Manabu Azuma 0-0: Swinging Strike
0-1: Ball
1-1: Ball
2-1: Grounds into double play, 6-4-3 (Groundball, 6, EV 89.4 MPH)
Batting: RHB César Muñóz 0-0: Fly out, F9 (Flyball, 9D, EV 80.6 MPH)
Bottom of the 5th over - 0 runs, 1 hit, 0 errors, 0 left on base; Orlando 0 - Kinuso 6
TOP OF THE 6TH
Orlando Oracles batting - Pitching for Kinuso Blues : RHP Barry Bennett
Batting: RHB Flynn Reeves 0-0: Called Strike
0-1: SINGLE (Groundball, 4D, EV 101.3 MPH)
Batting: RHB Cesar Cedeno 0-0: Ball
1-0: Swinging Strike
1-1: Ball
2-1: SINGLE (Flyball, 4D, EV 89.4 MPH)
Flynn Reeves to second
Batting: RHB Bob Robertson 0-0: Fly out, F4 (Popup, 3S, EV 74.4 MPH)
Batting: RHB Miguel Chávez 0-0: Ball
1-0: Ball
2-0: Ball
3-0: Called Strike
3-1: Foul Ball, location: 2F
3-2: Strikes out swinging
Batting: LHB Ron Gamble 0-0: Called Strike
0-1: Ground out 4-3 (Groundball, 4, EV 80.6 MPH)
Top of the 6th over - 0 runs, 2 hits, 0 errors, 2 left on base; Orlando 0 - Kinuso 6
BOTTOM OF THE 6TH
Kinuso Blues batting - Pitching for Orlando Oracles : RHP Flynn Reeves
Batting: RHB Dave Duncan 0-0: Foul Ball, location: 9LMF
0-1: Ball
1-1: Foul Ball, location: 2LF
1-2: Foul Ball, location: 2F
1-2: Foul Ball, location: 2F
1-2: Ball
2-2: Fly out, F8 (Flyball, 8LD, EV 85.6 MPH)
Batting: RHB Steve Powell 0-0: TRIPLE (Groundball, 3L, EV 100.0 MPH)
Batting: RHB Barry Bennett 0-0: Ball
1-0: Foul Ball, location: 3FF
1-1: Swinging Strike
1-2: Strikes out looking
Batting: LHB Ricardo Vivo 0-0: 2-RUN HOME RUN (Flyball, 8RXD, EV 115.0 MPH), Distance : 461 ft
Batting: RHB Jeremy Kennedy 0-0: Ball
1-0: Ball
2-0: Called Strike
2-1: SOLO HOME RUN (Flyball, 89XD, EV 110.0 MPH), Distance : 412 ft
Batting: LHB John Heller 0-0: Foul Ball, location: 7LMF
0-1: SOLO HOME RUN (Flyball, 78XD, EV 110.0 MPH), Distance : 411 ft
Batting: SHB Ken Henderson 0-0: Foul Ball, location: 5FF
0-1: Ground out 1-3 (Groundball, 15S, EV 71.3 MPH)
Bottom of the 6th over - 4 runs, 4 hits, 0 errors, 0 left on base; Orlando 0 - Kinuso 10
TOP OF THE 7TH
Orlando Oracles batting - Pitching for Kinuso Blues : RHP Barry Bennett
Batting: RHB Edward Wilson 0-0: Ball
1-0: Foul Ball, location: 23FF
1-1: Swinging Strike
1-2: Ball
2-2: Foul Ball, location: 9LSF
2-2: Strikes out swinging
Batting: RHB Bill Freehan 0-0: Ball
1-0: Ball
2-0: Fly out, F8 (Flyball, 8LM, EV 80.6 MPH)
Batting: LHB Ken'ichi Taketo 0-0: Ground out 5-3 (Groundball, 5L, EV 103.1 MPH)
Top of the 7th over - 0 runs, 0 hits, 0 errors, 0 left on base; Orlando 0 - Kinuso 10
BOTTOM OF THE 7TH
Kinuso Blues batting - Pitching for Orlando Oracles : RHP Flynn Reeves
Batting: RHB Manabu Azuma 0-0: Called Strike
0-1: Ball
1-1: Ball
2-1: Foul Ball, location: 2F
2-2: Ball
3-2: Base on Balls
Pinch Hitting: RHB Andy Stevens 0-0: Called Strike
0-1: Ball
1-1: Foul Ball, location: 23F
1-2: Foul Ball, location: 3F
1-2: Grounds into double play, 6-4-3 (Groundball, 6MD, EV 98.1 MPH)
Batting: RHB Dave Duncan 0-0: Called Strike
0-1: Ground out 5-3 (Groundball, 56S, EV 83.1 MPH)
Bottom of the 7th over - 0 runs, 0 hits, 0 errors, 0 left on base; Orlando 0 - Kinuso 10
TOP OF THE 8TH
Orlando Oracles batting - Pitching for Kinuso Blues : RHP Barry Bennett
Now at 2B: Andy Stevens
Batting: RHB Dan Brown 0-0: Called Strike
0-1: Swinging Strike
0-2: Ground out 6-3 (Groundball, 6, EV 86.9 MPH)
Pinch Hitting: LHB Kevin Crum 0-0: Foul Ball, location: 3F
0-1: Ball
1-1: Foul Ball, location: 5F
1-2: Ball
2-2: Ground out 4-3 (Groundball, 4, EV 90.0 MPH)
Batting: RHB Cesar Cedeno 0-0: Ball
1-0: Ball
2-0: Ball
3-0: Ground out 6-3 (Groundball, 6S, EV 82.5 MPH)
Top of the 8th over - 0 runs, 0 hits, 0 errors, 0 left on base; Orlando 0 - Kinuso 10
BOTTOM OF THE 8TH
Kinuso Blues batting - Pitching for Orlando Oracles : RHP Flynn Reeves
Pitching: LHP Sean Davis
Batting: RHB Steve Powell 0-0: Fly out, F8 (Line Drive, 8LM, EV 84.4 MPH)
Batting: RHB Barry Bennett 0-0: SINGLE (Groundball, 34D, EV 95.6 MPH)
Pinch Hitting: LHB Robby Burgess 0-0: Ball
1-0: Called Strike
1-1: Fly out, F9 (Line Drive, 89M, EV 97.5 MPH)
Batting: RHB Jeremy Kennedy 0-0: Fly out, F9 (Flyball, 89S, EV 89.4 MPH)
Bottom of the 8th over - 0 runs, 1 hit, 0 errors, 1 left on base; Orlando 0 - Kinuso 10
TOP OF THE 9TH
Orlando Oracles batting - Pitching for Kinuso Blues : RHP Barry Bennett
Now in RF: Robby Burgess
Batting: RHB Bob Robertson 0-0: Foul Ball, location: 2F
0-1: Ball
1-1: Ball
2-1: Foul Ball, location: 5SF
2-2: Ground out 1-3 (Groundball, 13, EV 72.5 MPH)
Batting: RHB Miguel Chávez 0-0: Called Strike
0-1: SOLO HOME RUN (Flyball, 8LXD, EV 113.1 MPH), Distance : 464 ft
Batting: LHB Ron Gamble 0-0: Ball
1-0: Foul Ball, location: 2F
1-1: Swinging Strike
1-2: Ball
2-2: Fly out, F7 (Flyball, 7S, EV 93.1 MPH)
Batting: RHB Edward Wilson 0-0: Ball
1-0: Ball
2-0: Ball
3-0: Called Strike
3-1: Foul Ball, location: 23F
3-2: Fly out, F3 (Line Drive, 3L, EV 60.0 MPH)
Top of the 9th over - 1 run, 1 hit, 0 errors, 0 left on base; Orlando 1 - Kinuso 10
Friday, April 19th , 2024 - OOTP Baseball 24.8 Build 75